 Dungeon Crawl Stone Soup version 0.18.1-5-g4a78601 (webtiles) character file.

44164 senseless the Peltast (level 13, -9/117 HPs)
             Began as a Minotaur Fighter on May 11, 2016.
             Was the Champion of Cheibriados.
             Killed from afar by a vampire mage (21 damage)
             ... with a bolt of negative energy
             ... on level 15 of the Dungeon.
             The game lasted 01:10:05 (12476 turns).

senseless the Peltast (Minotaur Fighter)           Turns: 12476, Time: 01:10:07

Health: -9/117     AC: 20    Str: 41    XL:     13   Next: 94%
Magic:  16/25      EV: 28    Int: 22    God:    Cheibriados [******]
Gold:   986        SH: 21    Dex: 39    Spells: 0 memorised, 14 levels left

rFire  . . .     SeeInvis .     a - +1 flail
rCold  + . .     Gourm    .     T - +5 ring mail "Nubleraz" {rPois Dex+4}
rNeg   . . .     Faith    .     c - +2 shield
rPois  +         Spirit   .     (helmet unavailable)
rElec  .         Dismiss  .     e - +1 cloak of the Thunderstorm {rC+ Str+4}
rCorr  .         Reflect  .     E - +2 pair of gloves
SustAt .         Harm     .     o - +0 pair of boots
MR     .....     Rnd*Tele +     (no amulet)
Stlth  +++.......               I - ring of the Octopus King {MP+9 AC+1 EV+1 Str+1 Int+1 Dex+1}
                                z - +5 ring of dexterity

@: drained, very slow, not resistant to hostile enchantments, fairly stealthy
A: retaliatory headbutt, hooves 1, horns 3, high mp 2, sense surroundings 1,
teleportitis 1, wild magic 2, evolution 2, no device heal 1
a: Bend Time, Temporal Distortion, Slouch, Step From Time, Renounce Religion


You were on level 15 of the Dungeon.
You worshipped Cheibriados.
Cheibriados was exalted by your worship.
You were very hungry.

You visited 2 branches of the dungeon, and saw 16 of its levels.

You collected 986 gold pieces.

Inventory:

Hand Weapons
 a - a +1 flail (weapon)
Missiles
 j - 4 steel javelins (quivered)
Armour
 c - a +2 shield (worn)
 e - the +1 cloak of the Thunderstorm (worn) {rC+ Str+4}
   (You found it on level 8 of the Dungeon)

   It affects your strength (+4).
   It protects you from cold.
 o - a +0 pair of boots (worn)
 p - a +3 scale mail of magic resistance
 E - a +2 pair of gloves (worn)
 H - a +2 cloak
 R - a +1 plate armour of cold resistance
 T - the +5 ring mail "Nubleraz" (worn) {rPois Dex+4}
   (You found it on level 12 of the Dungeon)

   It affects your dexterity (+4).
   It protects you from poison.
 W - a +3 chain mail
Jewellery
 l - an uncursed ring of flight
 v - an uncursed ring of positive energy
 z - a +5 ring of dexterity (left hand)
 B - an uncursed ring of sustain attributes
 I - a ring of the Octopus King (right hand) {MP+9 AC+1 EV+1 Str+1 Int+1 Dex+1}
   (You found it on level 7 of the Dungeon)

   [ring of magical power]

   It affects your AC (+1).
   It affects your evasion (+1).
   It affects your strength (+1).
   It affects your intelligence (+1).
   It affects your dexterity (+1).
   It affects your magic capacity (+9).
 J - a +1 ring of evasion
 Q - an uncursed ring of magical power
Wands
 m - a wand of confusion (34/48)
 r - a wand of lightning (6/15)
 y - a wand of lightning (10/15)
 L - a wand of lightning (5/15)
 P - a wand of disintegration (14/24)
 S - a wand of slowing (30/48)
Scrolls
 b - 6 scrolls of amnesia
 h - 6 scrolls of remove curse
 k - 9 scrolls of teleportation
 n - a scroll of magic mapping
 u - 3 scrolls of fear
 w - 4 scrolls of fog
 C - 2 scrolls of identify
 D - 2 scrolls of recharging
Potions
 d - 2 potions of might
 g - 4 potions of agility
 i - 7 potions of curing
 q - a potion of magic
 s - 3 potions of brilliance
 F - 2 potions of ambrosia
 O - a potion of cure mutation
 V - a potion of flight {unknown}
Books
 U - a Necronomicon

   Spells                             Type                      Level
   a - Haunt                          Necromancy/Summoning         7
   b - Borgnjor's Revivification      Necromancy                   8
   c - Death's Door                   Charms/Necromancy            8
   d - Necromutation                  Transmutation/Necromancy     8
Miscellaneous
 N - a phial of floods
Comestibles
 f - 11 bread rations
 t - 9 meat rations
 x - 9 beef jerkies
 A - 13 fruits
 G - 7 slices of pizza
 K - a royal jelly


   Skills:
 + Level 11.7(11.0) Fighting
 + Level 13.6(12.9) Maces & Flails
 + Level 9.6(8.9) Armour
 + Level 11.6(11.0) Dodging
 + Level 3.3(2.7) Stealth
 + Level 15.9(15.2) Shields
 * Level 1.3(0.7) Spellcasting
 + Level 0.4(0.0) Invocations


You had 14 spell levels left.
You didn't know any spells.

Dungeon Overview and Level Annotations

Branches:
Dungeon (15/15)            Temple (1/1) D:7            Lair (0/8) D:11
    Orc (0/2) D:9          Vaults (0/5) D:14
 Depths: D:15

Altars:
Ashenzari
Cheibriados
Dithmenos
Gozag
Kikubaaqudgha
Makhleb
Nemelex Xobeh
Pakellas
Qazlal
Ru
Trog
Xom
Yredelemnul
The Shining One

Shops:
D:6 :   D:11 *


Innate Abilities, Weirdness & Mutations

You reflexively headbutt those who attack you in melee.
You have a pair of large horns on your head.
You have large cloven feet.
You have a considerably increased reservoir of magic (+20% MP).
You passively map a small area around you.
You are occasionally teleported next to monsters.
Your spells are harder to cast, but more powerful.
You rapidly evolve.
Potions and wands are less effective at restoring your health.


Message History

The shadow dragon skeleton claws you but does no damage.
The sphinx zombie barely misses you. You furiously retaliate!
You headbutt the sphinx zombie!! The sphinx zombie misses you.
The sphinx zombie hits you but does no damage.
You thump something!
You block the centaur skeleton's attack.
Something hits you but does no damage. Something closely misses you.
You block the titan zombie's attack.
You barely miss something.
You block the centaur skeleton's attack.
You block the sphinx zombie's attack. x2
The sphinx zombie hits you but does no damage.
The shadow dragon skeleton bites you.
* * * LOW HITPOINT WARNING * * *
The shadow dragon skeleton misses you.
The shadow dragon skeleton closely misses you.
You hear some strange, mumbled words.
A bolt of negative energy appears from out of thin air!
The bolt of negative energy hits you!
You feel drained.
You die...

, ......#.#.# , ,
, ............##
..8....#.#.#. *
............#
.8......#.#.#####
.................
P.8..............
...8..ZZ{........
8 ,
......)@Z.......$
,
.......Z.........
,
...8........#####
,, ............#
,
,............#,,
, ,
............+,< *
, ............# *
............., ,
, , , ,


You could see a sphinx zombie, a titan zombie, a shadow dragon skeleton and a
centaur skeleton.

Vanquished Creatures
  Frances (D:12)
  2 hydras
  Erolcha (D:9)
  A death knight (D:14)
  An ogre mage (D:14)
  2 centaur warriors
  A tengu warrior (D:15)
  A skeletal warrior (D:15)
  2 unseen horrors
  3 wolf spider zombies
  A necromancer (D:15)
  5 hill giants
  2 orc knights
  2 orc sorcerers (D:15)
  A griffon (D:14)
  4 manticores
  20 ugly things
  4 cyclopes
  2 gargoyles (D:15)
  A freezing wraith (D:15)
  2 kobold demonologists
  3 yaktaurs (D:14)
  2 komodo dragons
  A tengu conjurer (D:15)
  2 trolls
  5 two-headed ogres
  2 wyverns
  A human (D:7)
  Eustachio (D:5)
  3 hippogriffs
  A basilisk (D:14)
  A steam dragon (D:11)
  11 yaks
  A hungry ghost (D:10)
  6 vampire mosquitoes
  2 mottled dragons (D:12)
  Edmund (D:4)
  A soldier ant (D:10)
  9 orc warriors
  4 ice beasts
  4 sky beasts
  A black bear (D:12)
  12 ogres
  2 wasps
  A necrophage (D:11)
  3 phantoms
  15 centaurs
  5 crocodiles
  3 big kobolds
  Blork the orc (D:4)
  10 giant frogs
  A gnoll sergeant (D:11)
  An earth elemental (D:11)
  2 wyvern skeletons (D:13)
  4 scorpions
  15 killer bees
  4 wights
  A giant frog zombie (D:5)
  A wasp zombie (D:10)
  10 crimson imps
  4 centaur zombies
  4 jellies
  A quasit (D:6)
  4 hounds
  8 orc priests
  6 orc wizards
  5 centaur skeletons
  4 gnoll shamans (D:11)
  A giant frog skeleton (D:4)
  Terence (D:3)
  9 worker ants
  5 iguanas
  10 sheep
  2 hound zombies
  Robin (D:4)
  A worker ant zombie (D:11)
  19 gnolls
  4 river rats (D:11)
  12 adders
  4 shadow imps
  12 white imps (D:11)
  2 oozes
  An adder skeleton (D:4)
  3 worms
  4 dart slugs
  5 giant geckos
  54 orcs
  2 ball pythons (D:4)
  2 bat zombies (D:3)
  5 giant cockroaches
  18 goblins
  7 hobgoblins
  12 jackals
  2 quokkas
  17 bats
  2 giant newts
  A goblin zombie (D:6)
  2 hobgoblin zombies (D:6)
  17 kobolds
  A kobold skeleton (D:6)
  A kobold zombie (D:6)
  An orc skeleton (D:6)
  An orc zombie (D:6)
  18 rats
  A rat zombie (D:3)
508 creatures vanquished.

Vanquished Creatures (others)
  A deep elf annihilator (D:9)
  13 fungi (D:11)
  4 plants (D:11)
18 creatures vanquished.

Grand Total: 526 creatures vanquished

Notes
Turn   | Place    | Note
--------------------------------------------------------------
     0 | D:1      | senseless the Minotaur Fighter began the quest for the Orb.
     0 | D:1      | Reached XP level 1. HP: 19/19 MP: 0/0
    90 | D:1      | Reached XP level 2. HP: 26/26 MP: 1/1
   166 | D:1      | Reached skill level 4 in Shields
   230 | D:1      | Reached XP level 3. HP: 25/33 MP: 2/2
   760 | D:2      | Found a bloodstained altar of Trog.
  1078 | D:3      | Reached XP level 4. HP: 34/40 MP: 3/3
  1197 | D:3      | Noticed Terence
  1211 | D:3      | Killed Terence
  1367 | D:3      | Reached skill level 1 in Dodging
  1367 | D:3      | Reached XP level 5. HP: 19/47 MP: 4/4
  1381 | D:3      | Reached skill level 5 in Shields
  1680 | D:3      | Found an ancient bone altar of Kikubaaqudgha.
  1888 | D:4      | Noticed Robin
  1974 | D:4      | Reached skill level 5 in Fighting
  2046 | D:4      | Noticed Blork the orc
  2057 | D:4      | Killed Blork the orc
  2057 | D:4      | Reached skill level 5 in Armour
  2057 | D:4      | Reached XP level 6. HP: 53/56 MP: 5/5
  2104 | D:4      | Killed Robin
  2340 | D:4      | Reached XP level 7. HP: 38/61 MP: 6/6
  2523 | D:4      | Reached skill level 6 in Shields
  2550 | D:4      | Found a sacrificial altar of Ru.
  2941 | D:4      | Noticed Edmund
  2955 | D:4      | Killed Edmund
  2963 | D:4      | Found a shadowy altar of Dithmenos.
  3029 | D:5      | Entered Level 5 of the Dungeon
  3083 | D:5      | Noticed Eustachio
  3128 | D:5      | Killed Eustachio
  3371 | D:5      | Reached skill level 7 in Shields
  3378 | D:5      | Found a shimmering altar of Xom.
  3385 | D:5      | Reached XP level 8. HP: 56/70 MP: 7/7
  3734 | D:5      | Reached skill level 5 in Dodging
  3737 | D:5      | Reached skill level 5 in Maces & Flails
  3753 | D:5      | Gained mutation: You have an increased reservoir of magic (+10% MP). [mutagenic meat]
  3754 | D:5      | Gained mutation: You possess an exceptional clarity of mind. [mutagenic meat]
  3755 | D:5      | Gained mutation: You are frail (-10% HP). [mutagenic meat]
  3756 | D:5      | Gained mutation: You evolve. [mutagenic meat]
  4228 | D:6      | Found a glowing golden altar of the Shining One.
  4326 | D:6      | Reached skill level 8 in Shields
  4515 | D:6      | Gained mutation: You have large cloven feet. [evolution]
  4758 | D:6      | Found Xifekk's Book Boutique.
  4890 | D:6      | Gained mutation: Your spells are a little harder to cast, but a little more powerful. [potion of beneficial mutation]
  4935 | D:6      | Gained mutation: Your system is resistant to poisons. [potion of beneficial mutation]
  4940 | D:7      | Noticed a cyclops
  4953 | D:7      | Killed a cyclops
  4953 | D:7      | Reached XP level 9. HP: 38/71 MP: 8/8
  5114 | D:7      | Found a shattered altar of Ashenzari.
  5229 | D:7      | Reached skill level 1 in Stealth
  5229 | D:7      | Reached skill level 9 in Shields
  5279 | D:7      | Got a ring of the Octopus King
  5283 | D:7      | Identified a ring of the Octopus King {MP+9 AC+1 EV+1 Str+1 Int+1 Dex+1} (You found it on level 7 of the Dungeon)
  5592 | D:7      | Found a burning altar of Makhleb.
  5629 | D:7      | Found a stormy altar of Qazlal.
  5630 | D:7      | Noticed a troll
  5638 | D:7      | Killed a troll
  5669 | D:7      | Found a staircase to the Ecumenical Temple.
  5680 | Temple   | Entered the Ecumenical Temple
  5684 | Temple   | Became a worshipper of Cheibriados the Contemplative
  6098 | D:8      | Got a bloodstained cloak
  6111 | D:8      | Identified the +1 cloak of the Thunderstorm {rC+ Str+4} (You found it on level 8 of the Dungeon)
  6136 | D:8      | Reached XP level 10. HP: 81/81 MP: 10/10
  6141 | D:8      | Reached skill level 10 in Shields
  6153 | D:8      | Reached * piety under Cheibriados
  6739 | D:9      | Noticed Erolcha
  6750 | D:9      | Killed Erolcha
  6824 | D:9      | Reached skill level 11 in Shields
  6846 | D:9      | Found a staircase to the Orcish Mines.
  6958 | D:9      | Lost mutation: You evolve. [end of evolution]
  6993 | D:9      | Found an oddly glowing altar of Pakellas.
  6994 | D:9      | Noticed a deep elf annihilator
  6997 | D:9      | Killed a deep elf annihilator
  7078 | D:9      | Reached ** piety under Cheibriados
  7082 | D:9      | Gained mutation: You are resistant to hostile enchantments. [mutagenic meat]
  7083 | D:9      | Gained mutation: Your spells are harder to cast, but more powerful. [mutagenic meat]
  7085 | D:9      | Gained mutation: You passively map a small area around you. [mutagenic meat]
  7086 | D:9      | Gained mutation: Armour fits poorly on your strangely shaped body. [mutagenic meat]
  7221 | D:10     | Entered Level 10 of the Dungeon
  7320 | D:10     | Noticed a cyan ugly thing
  7332 | D:10     | Killed a cyan ugly thing
  7374 | D:10     | Found a burning altar of Makhleb.
  7374 | D:10     | Noticed a green death
  7489 | D:10     | Noticed a hill giant
  7496 | D:10     | Killed a hill giant
  7496 | D:10     | Reached XP level 11. HP: 65/87 MP: 11/11
  7940 | D:11     | Reached skill level 12 in Shields
  7952 | D:11     | Reached *** piety under Cheibriados
  8033 | D:11     | Noticed a brown ugly thing
  8034 | D:11     | Reached **** piety under Cheibriados
  8040 | D:11     | Killed a brown ugly thing
  8109 | D:11     | Found Docwaej's Pet Rocks.
  8251 | D:11     | Reached skill level 10 in Maces & Flails
  8340 | D:11     | Reached ***** piety under Cheibriados
  8683 | D:11     | Noticed a hill giant
  8693 | D:11     | Killed a hill giant
  8712 | D:11     | Found a staircase to the Lair.
  8733 | D:11     | Reached skill level 10 in Fighting
  9004 | D:11     | Noticed a hill giant
  9069 | D:11     | Killed an unseen horror
  9109 | D:11     | Noticed an eight-headed hydra
  9115 | D:11     | Killed an eight-headed hydra
  9115 | D:11     | Reached skill level 13 in Shields
  9873 | D:12     | Noticed Frances
  9887 | D:12     | Killed Frances
  9887 | D:12     | Reached XP level 12. HP: 63/96 MP: 12/12
  9935 | D:12     | Got a blackened ring mail
  9987 | D:12     | Reached skill level 14 in Shields
 10052 | D:12     | Found a sparkling altar of Nemelex Xobeh.
 10489 | D:12     | Identified the +5 ring mail "Nubleraz" {rPois Dex+4} (You found it on level 12 of the Dungeon)
 10623 | D:13     | Noticed a centaur warrior
 10671 | D:13     | Killed a centaur warrior
 10690 | D:13     | Lost mutation: You are frail (-10% HP). [mutagenic meat]
 10704 | D:13     | Reached ****** piety under Cheibriados
 10801 | D:13     | Reached skill level 10 in Dodging
 11216 | D:14     | Reached XP level 13. HP: 91/116 MP: 13/13
 11233 | D:14     | Reached skill level 15 in Shields
 11273 | D:14     | Gained mutation: You are partially covered in molten scales (AC +1). [mutagenic meat]
 11276 | D:14     | Lost mutation: You are resistant to hostile enchantments. [mutagenic meat]
 11562 | D:14     | Lost mutation: Armour fits poorly on your strangely shaped body. [mutagenic meat]
 11563 | D:14     | Lost mutation: Your system is resistant to poisons. [mutagenic meat]
 11564 | D:14     | Lost mutation: You possess an exceptional clarity of mind. [mutagenic meat]
 11565 | D:14     | Gained mutation: You are dopey. (Int -2) [mutagenic meat]
 11566 | D:14     | Gained mutation: You are partially covered in yellow scales (AC +2). [mutagenic meat]
 11567 | D:14     | Lost mutation: You are dopey. (Int -2) [mutagenic meat]
 11568 | D:14     | Lost mutation: You are partially covered in yellow scales (AC +2). [mutagenic meat]
 11569 | D:14     | Gained mutation: Your natural rate of healing is unusually fast. [mutagenic meat]
 11572 | D:14     | Gained mutation: You evolve. [mutagenic meat]
 11573 | D:14     | Gained mutation: You are occasionally teleported next to monsters. [mutagenic meat]
 11574 | D:14     | Gained mutation: You are frail (-10% HP). [mutagenic meat]
 11575 | D:14     | Gained mutation: Your muscles are strong. (Str +2) [mutagenic meat]
 11576 | D:14     | Lost mutation: Your muscles are strong. (Str +2) [mutagenic meat]
 11692 | D:14     | Gained mutation: You rapidly evolve. [evolution]
 11809 | D:14     | Found a gate to the Vaults.
 11922 | D:14     | Gained mutation: You have a pair of large horns on your head. [mutagenic meat]
 11923 | D:14     | Lost mutation: Your natural rate of healing is unusually fast. [mutagenic meat]
 11924 | D:14     | Gained mutation: You have a considerably increased reservoir of magic (+20% MP). [mutagenic meat]
 11925 | D:14     | Gained mutation: Armour fits poorly on your strangely shaped body. [mutagenic meat]
 11926 | D:14     | Lost mutation: You are frail (-10% HP). [mutagenic meat]
 11927 | D:14     | Lost mutation: You are partially covered in molten scales (AC +1). [mutagenic meat]
 11928 | D:14     | Gained mutation: Potions and wands are less effective at restoring your health. [mutagenic meat]
 11929 | D:14     | Lost mutation: Armour fits poorly on your strangely shaped body. [mutagenic meat]
 12304 | D:15     | Entered Level 15 of the Dungeon
 12381 | D:15     | Reached skill level 1 in Spellcasting
 12453 | D:15     | Noticed a jiangshi
 12476 | D:15     | Killed from afar by a vampire mage

Skill      XL: |  1  2  3  4  5  6  7  8  9 10 11 12 13 |
---------------+----------------------------------------+-----
Armour         | 4 5 6 7 8 9 |  9.6
Shields        | 4 5 7 8 9 11 13 14 15 | 15.9
Maces & Flails | 3 4 5 7 9 10 12 13 | 13.6
Fighting       | 4 5 6 7 8 9 10 11 | 11.7
Dodging        | 1 2 3 4 5 6 7 9 10 11 | 11.6
Stealth        | 1 2 3 |  3.3
Spellcasting   | 1 |  1.3
Invocations    | |  0.4

Action                   |  1- 3 |  4- 6 |  7- 9 | 10-12 | 13-15 || total
-------------------------+-------+-------+-------+-------+-------++-------
Melee: Flail             |    97 |   174 |   375 |   628 |   279 ||  1553
       Headbutt          |    17 |    24 |    93 |   237 |   106 ||   477
Invok: Slouch            |       |       |       |     1 |     2 ||     3
  Use: Scroll            |    12 |     3 |     6 |     8 |     1 ||    30
       Potion            |       |       |     4 |     4 |     1 ||     9
 Stab: Sleeping          |       |       |       |     1 |     3 ||     4
  Eat: Chunk             |     1 |     4 |    17 |    17 |    32 ||    71
       Pizza             |       |       |       |     3 |       ||     3
       Fruit             |       |       |       |     1 |       ||     1
Armor: Scale mail        |    35 |    58 |   144 |    96 |       ||   333
       Ring mail         |       |       |       |    14 |    43 ||    57
Dodge: Dodged            |    25 |    53 |   168 |   330 |   148 ||   724
Block: Shield            |    51 |   102 |   261 |   569 |   253 ||  1236
